[Event "I Liga Centralne Srbije"]
[Site "Bajina Bašta, Serbia"]
[Date "2020.10.17"]
[Round "11.1"]
[White "Brenjo, Slavisa"]
[Black "Ivic, Velimir"]
[Result "0-1"]
[ECO "B33"]
[WhiteElo "2412"]
[BlackElo "2548"]
[Annotator "Knez"]
[PlyCount "84"]
[EventDate "2020.??.??"]
[TimeControl "90"]

1. e4 c5 2. Nf3 Nc6 3. d4 cxd4 4. Nxd4 Nf6 5. Nc3 e5 6.
Ndb5 d6 7. Bg5 a6 8. Na3 b5 9. Bxf6 gxf6 10. Nd5 f5 11. c3 Bg7 12. exf5 Bxf5 13. Nc2 O-O 14. Nce3 Be6 15. g3 f5 16. Bg2 f4 17. Nc2 Kh8 18. O-O Ra7 19. a4 Raf7 20. axb5 axb5 21. Be4 Bf5 22. Bxf5 Rxf5 23. Ra6 Qc8 24. Rb6 Rg5 25. Rxc6 Qxc6 26. h4 Rg6 27. Ne7 Qe8 28. Nxg6+ Qxg6 29. h5 Qg5 30. Ne1 e4 31. Qxd6 fxg3 32. Qxg3 Qxh5 33. Ng2 Be5 34. Qh4 Qf3 35. Qe7 Qf5 36. Qh4 Rg8 37. Re1 Qf3 38. Qh1 Rg5 39. Kf1 Rh5 40. Qg1 Bh2 41. Qh1 Bg3 42. Qg1 Bxf2 0-1

[Event "I Liga Centralne Srbije"]
[Site "Bajina Bašta, Serbia"]
[Date "2020.10.17"]
[Round "11.1"]
[White "Perunovic, Miodrag"]
[Black "Dizdarevic, Emir"]
[Result "1/2-1/2"]
[ECO "E11"]
[WhiteElo "2440"]
[BlackElo "2444"]
[Annotator "Knez"]
[PlyCount "66"]
[EventDate "2020.??.??"]
[TimeControl "90"]
[WhiteClock "0:15:22"]
[BlackClock "0:04:10"]

1. d4 Nf6 2. c4 e6 3. Nf3 Bb4+ 4. Bd2 Bxd2+ 5. Qxd2 O-O 6. g3 d5 7. Bg2 Bd7 8. c5 b6 9. cxb6 axb6 10. O-O c5 11. b3 Nc6 12. Rc1 Ne4 13.
Qb2 Qf6 14. e3 cxd4 15. exd4 Rfc8 16. Rd1 Nb4 17. Na3 Nc3 18. Rd2 Ncxa2 19. Ne5 Be8 20. Re1 Ra7 21. h4 Rac7 22. Kh2 h6 23. Ng4 Qd8 24. Re5 Nc3 25. Nc4 Na4 26. bxa4 Rxc4 27. Ne3 Qd6 28. Nxc4 dxc4 29. Qc3 Bxa4 30. d5 Rd8 31. Qxc4 Qxe5 32. Qxb4 Be8 33. Qxb6 Qd6 1/2-1/2

[Event "I Liga Centralne Srbije"]
[Site "Bajina Bašta, Serbia"]
[Date "2020.10.17"]
[Round "11.1"]
[White "Vratonjic, Slobo"]
[Black "Pavlovic, Dejan S"]
[Result "1-0"]
[ECO "B31"]
[WhiteElo "2341"]
[BlackElo "2390"]
[Annotator "Knez"]
[PlyCount "79"]
[EventDate "2020.??.??"]
[TimeControl "90"]
[WhiteClock "0:00:32"]
[BlackClock "0:31:15"]

1. e4 c5 2. Nf3 Nc6 3. Bb5 g6 4. Bxc6 dxc6 5. h3 Bg7 6. d3 Nf6 7. Be3 Nd7 8. c3 b6 9. O-O e5 10. d4 cxd4 11. cxd4 O-O 12. Qd2 Re8 13. Nc3 Bb7 14. Rfd1 Qe7 15. d5 Nf6 16. Bg5 Rad8 17. Qe2 cxd5 18. exd5 e4 19. Nd4 Bxd5 20. Nf5 Qe5 21. Nxg7 Kxg7 22. Qd2 Bc6 23. Bh6+ Kg8 24. Qxd8 Rxd8 25. Rxd8+ Ne8 26. Rad1 f6 27. Be3 Kf7 28. Rc8 Qe6 29. Rdd8 Ke7 30. Nd5+ Kf7 31. Nc7 Qxa2 32. Nxe8 Bxe8 33. Rxe8 Qxb2 34. Red8 Qa1+ 35. Rc1 Qa4 36.
Rd4 Qa2 37. Rxe4 g5 38. Rc7+ Kg6 39. Ree7 a5 40. g4 1-0

[Event "I Liga Centralne Srbije"]
[Site "Bajina Bašta, Serbia"]
[Date "2020.10.17"]
[Round "11.1"]
[White "Radovanovic, Dusan"]
[Black "Simonovic, Aleksandar"]
[Result "1-0"]
[ECO "C19"]
[WhiteElo "2326"]
[BlackElo "2375"]
[Annotator "Knez"]
[PlyCount "92"]
[EventDate "2020.??.??"]
[TimeControl "90"]
[WhiteClock "0:01:00"]
[BlackClock "0:01:00"]

1. e4 e6 2. d4 d5 3. Nc3 Bb4 4. e5 c5 5. a3 Bxc3+ 6. bxc3 Ne7 7. h4 Qc7 8. h5 h6 9. Nf3 b6 10. a4 Ba6 11. Bb5+ Bxb5 12. axb5 a5 13.
O-O Nd7 14. Nh4 Rc8 15. Qg4 cxd4 16. cxd4 Qxc2 17. Ba3 Qe4 18. Qxe4 dxe4 19. Rfe1 Nd5 20. Rxe4 Nc3 21. Ree1 Kd8 22. Bb2 Nxb5 23. d5 Rc2 24. Rab1 Rc5 25. dxe6 fxe6 26. Ng6 Re8 27. Rbd1 Kc7 28. Re3 Rc2 29. Ba1 a4 30. Rf3 Nc5 31. Rf7+ Kc6 32. Ne7+ Rxe7 33. Rxe7 a3 34. Rxg7 Nb3 35. g4 Ra2 36. g5 Rxa1 37. Rxa1 Nxa1 38. gxh6 a2 39. Kh1 Nb3 40. Rg1 Nc3 41. h7 Nb1 42. h8=Q a1=Q 43. Qc8+ Kb5 44. Qd7+ Kc5 45. Qd6+ Kb5 46. Qd3+ Kc5 1-0

[Event "I Liga Centralne Srbije"]
[Site "Bajina Bašta, Serbia"]
[Date "2020.10.17"]
[Round "11.1"]
[White "Ravic, Nenad"]
[Black "Radivojevic, Ivan"]
[Result "1/2-1/2"]
[ECO "B12"]
[WhiteElo "2241"]
[BlackElo "2365"]
[Annotator "Knez"]
[PlyCount "82"]
[EventDate "2020.??.??"]
[TimeControl "90"]
[WhiteClock "0:04:50"]
[BlackClock "0:17:12"]

1. e4 c6 2. d4 d5 3. e5 Bf5 4. c4 e6 5. Nc3 Nd7 6. a3 dxc4 7. Bxc4 Ne7 8.
Nge2 Nd5 9. O-O Be7 10. Ng3 N7b6 11. Nxf5 exf5 12. Bd3 Qd7 13. Qf3 g6 14. Bh6 Nc7 15. Rfd1 Nbd5 16. Ne2 Bf8 17. Bxf8 Kxf8 18. Ng3 Ne6 19. Bc4 Rd8 20. Rd3 Nb6 21. Bxe6 Qxe6 22. Ne2 Nd5 23. b4 Kg7 24. Rb1 Rd7 25. h3 h5 26. h4 Rhd8 27. g3 Qe7 28.
b5 cxb5 29. Rxb5 a6 30. Rb1 b5 31. Rc1 Rc7 32. Rc5 Rxc5 33.
dxc5 Nc7 34. Rxd8 Qxd8 35. Qc6 Qd1+ 36. Kg2 Ne6 37. Nf4 Nxf4+ 38. gxf4 Qg4+ 39. Kf1 Qd1+ 40. Kg2 Qg4+ 41. Kf1 Qd1+ 1/2-1/2

[Event "I Liga Centralne Srbije"]
[Site "Bajina Bašta, Serbia"]
[Date "2020.10.17"]
[Round "11.1"]
[White "Marcetic, Nikola"]
[Black "Djakovac, Enes"]
[Result "1/2-1/2"]
[ECO "D03"]
[WhiteElo "2329"]
[BlackElo "2165"]
[Annotator "Knez"]
[PlyCount "112"]
[EventDate "2020.??.??"]
[TimeControl "90"]
[WhiteClock "0:03:53"]
[BlackClock "0:03:54"]

1. d4 Nf6 2. Bg5 e6 3. e3 d5 4. Nd2 h6 5. Bh4 Nbd7 6. Ngf3 Be7 7. Bd3 b6 8. a4 a6 9. Qe2 Bb7 10. O-O Ne4 11. Bxe7 Qxe7 12. c4 O-O 13. cxd5 exd5 14. a5 b5 15. Nb3 Rac8 16. Rfc1 Qb4 17. Nfd2 c5 18. Bxe4 dxe4 19. dxc5 Nxc5 20. Nxc5 Rxc5 21. Rxc5 Qxc5 22. Nb3 Qb4 23. Nd4 Rc8 24. b3 Bd5 25. h3 Qc3 26. Qe1 Bxb3 27. Nxb3 Qxb3 28. Rd1 Qe6 29. Qd2 Kh7 30. Qd6 Rc6 31. Qxe6 Rxe6 32. Rd7 Kg6 33. g4 Kf6 34. Kg2 g5 35. Kg3 Rc6 36. Rb7 Ke6 37. h4 gxh4+ 38.
Kxh4 Kd5 39. Rxf7 b4 40. Rb7 Kc4 41. Kg3 b3 42. Kf4 Kc3 43.
Kxe4 b2 44. Kd5 Rc8 45. f4 Kc2 46. f5 Rc3 47. Rxb2+ Kxb2 48. e4 Ra3 49. f6 Rxa5+ 50. Kd6 Ra1 51. e5 Rd1+ 52. Kc5 Rf1 53.
Kd5 Rd1+ 54. Kc5 Rf1 55. e6 Rxf6 56. Kd4 Rf1 1/2-1/2

[Event "I Liga Centralne Srbije"]
[Site "Bajina Bašta, Serbia"]
[Date "2020.10.17"]
[Round "11.2"]
[White "Narancic, Vlado"]
[Black "Kojovic, Dragan"]
[Result "1-0"]
[ECO "A07"]
[WhiteElo "2281"]
[BlackElo "2307"]
[Annotator "Knez"]
[PlyCount "125"]
[EventDate "2020.??.??"]
[TimeControl "90"]
[WhiteClock "0:00:33"]
[BlackClock "0:42:22"]

1. Nf3 d5 2. g3 g6 3. Bg2 Bg7 4. d3 Nf6 5. c3 O-O 6. Nbd2 b6 7. Qc2 Nbd7 8.
O-O e5 9. Re1 Bb7 10. e4 dxe4 11. dxe4 Re8 12. b4 a5 13. a3 Qe7 14. Bb2 Rec8 15. Bf1 Ne8 16. Nc4 Nd6 17. Nfd2 Bh6 18. Ne3 Nf6 19. f3 c5 20. Qb3 a4 21. Qa2 b5 22. bxc5 Rxc5 23. c4 Ba6 24. Bc3 bxc4 25. Qc2 Qa7 26. Kg2 Bxe3 27. Rxe3 Nb5 28. Bb4 Rcc8 29. Rae1 c3 30. Nb1 Nd4 31. Qf2 Bxf1+ 32. Rxf1 c2 33. Nc3 Nb3 34. Ree1 Qxf2+ 35. Kxf2 c1=Q 36. Rxc1 Nxc1 37. Rxc1 Rc4 38.
Rd1 Kg7 39. Ke3 g5 40. Rd2 h6 41. Nb5 Rb8 42. Nd6 Rcxb4 43. axb4 Rxb4 44. Nf5+ Kg6 45. Rd6 Rb3+ 46. Ke2 g4 47. fxg4 a3 48. Ne7+ Kg7 49. Nf5+ Kg6 50. Ne7+ Kg5 51. h4+ Kxg4 52. Rxf6 a2 53. Ra6 Rxg3 54. Nf5 Rh3 55. Nxh6+ Kf4 56. Nxf7 Rxh4 57. Kd3 Rh7 58. Rxa2 Rh3+ 59. Kc4 Rh1 60. Nd6 Rd1 61. Kc5 Rc1+ 62. Kd5 Rd1+ 63. Ke6 1-0

[Event "I Liga Centralne Srbije"]
[Site "Bajina Bašta, Serbia"]
[Date "2020.10.17"]
[Round "11.2"]
[White "Ostojic, Nikola"]
[Black "Djoric, Dusan"]
[Result "1-0"]
[ECO "A28"]
[WhiteElo "2406"]
[BlackElo "2303"]
[Annotator "Knez"]
[PlyCount "71"]
[EventDate "2020.??.??"]
[TimeControl "90"]
[WhiteClock "0:02:08"]
[BlackClock "0:16:36"]

1. c4 e5 2. Nc3 Nf6 3. Nf3 Nc6 4. e3 Bb4 5. Qc2 O-O 6. a3 Bxc3 7. Qxc3 Re8 8. d3 d5 9. cxd5 Nxd5 10. Qc2 a5 11. Be2 a4 12. O-O Be6 13.
Bd2 f6 14. Bc3 Bf7 15. Rfe1 Qd7 16. Bf1 Na5 17. Bxa5 Rxa5 18. d4 exd4 19. Nxd4 Nb6 20. Rad1 Qe7 21. e4 g6 22. Nb5 Qe5 23. f4 Qxf4 24. Qc3 Rxb5 25. Bxb5 c6 26. Qd4 Qc7 27. Be2 Kg7 28. Rf1 Re5 29. Rf2 Be6 30. h3 c5 31. Qc3 Bb3 32. Rdf1 Qe7 33. Rxf6 Qxf6 34. Rxf6 Kxf6 35. h4 Ke6 36. Qa5 {[%emt 0:00:00]
Kd5 [%emt 00:02:28]} 1-0

[Event "I Liga Centralne Srbije"]
[Site "Bajina Bašta, Serbia"]
[Date "2020.10.17"]
[Round "11.2"]
[White "Bozic, Milan"]
[Black "Solomunovic, Igor"]
[Result "0-1"]
[ECO "D37"]
[WhiteElo "2270"]
[BlackElo "2355"]
[Annotator "Knez"]
[PlyCount "101"]
[EventDate "2020.??.??"]
[TimeControl "90"]
[WhiteClock "0:01:13"]
[BlackClock "0:09:38"]

1. c4 Nf6 2. Nc3 e6 3. d4 d5 4. Nf3 Be7 5. Bf4 O-O 6. Qb3 c5 7. Rd1 cxd4 8. Nxd4 Na6 9. a3 Nc5 10. Qc2 Nce4 11. Nxe4 Nxe4 12. f3 Nf6 13. cxd5 Nxd5 14. Bc1 Qb6 15. e4 Bf6 16. Qf2 Ne7 17. Nb5 Qxf2+ 18. Kxf2 Nc6 19. b3 a6 20. Nd6 Rd8 21. Ke1 Nd4 22. Nc4 b5 23. Na5 Bh4+ 24. g3 Nxf3+ 25. Ke2 Rxd1 26. Kxd1 Bd8 27. b4 Bxa5 28. bxa5 Bb7 29. Bd3 Rd8 30. Ke2 Nd4+ 31. Ke3 Nb3 32. Bb2 Nxa5 33. Rc1 Nc6 34. g4 f6 35. h4 Rd7 36. g5 fxg5 37. hxg5 Ne7 38. Bb1 Ng6 39. Ba2 Nf8 40. Rf1 h6 41. gxh6 gxh6 42. Rf6 Rg7 43.
Rf2 Rg4 44. Bb1 h5 45. Rh2 h4 46. Bf6 Ng6 47. e5 Nf4 48. Ba2 Bd5 49. Bb1 h3 50. Rc2 Bc4 51. Kd4 0-1

[Event "I Liga Centralne Srbije"]
[Site "Bajina Bašta, Serbia"]
[Date "2020.10.17"]
[Round "11.2"]
[White "Rabrenovic, Vladan"]
[Black "Popovic, Nenad"]
[Result "0-1"]
[ECO "D55"]
[WhiteElo "2302"]
[BlackElo "2249"]
[Annotator "Knez"]
[PlyCount "76"]
[EventDate "2020.??.??"]
[TimeControl "90"]

1. d4 d5 2. c4 e6 3. Nc3 Nf6 4. Bg5 Nbd7 5. e3 Be7 6. Nf3 O-O 7. Rc1 b6 8. cxd5 exd5 9. Bd3 Bb7 10. Qc2 c5 11. O-O h6 12. Bh4 Re8 13.
Rfd1 a6 14. a4 Qc7 15. Bf5 Rad8 16. Ne2 c4 17. Nc3 Bc6 18. b3 b5 19. axb5 axb5 20. bxc4 bxc4 21. Ne5 Rb8 22. Bg3 Bd6 23. Nxd7 Bxd7 24. Bh4 g5 25. Bg3 Bxg3 26. hxg3 Rb3 27. Bxd7 Qxd7 28. Ra1 Reb8 29. Ra2 Qg4 30. Rda1 Kg7 31. Ra5 Rb2 32. Qd1 R8b3 33. Qe1 Rxc3 34. Qxc3 Rxf2 35. Qe1 Re2 36. Qd1 Ne4 37. Qf1 Nxg3 38. Qf3 Qh4 0-1

[Event "I Liga Centralne Srbije"]
[Site "Bajina Bašta, Serbia"]
[Date "2020.10.17"]
[Round "11.3"]
[White "Celik, Hasan Huseyin"]
[Black "Budisavljevic, Luka"]
[Result "0-1"]
[ECO "D31"]
[WhiteElo "1970"]
[BlackElo "2454"]
[Annotator "Knez"]
[PlyCount "60"]
[EventDate "2020.??.??"]
[TimeControl "90"]
[WhiteClock "0:36:10"]
[BlackClock "0:24:50"]

1. d4 d5 2. c4 e6 3. cxd5 exd5 4. Nc3 c6 5. Qc2 Bd6 6. Nf3 h6 7. e4 dxe4 8. Nxe4 Nf6 9. Nxd6+ Qxd6 10. Be3 Be6 11. Be2 Nbd7 12. O-O O-O 13. Rfe1 Rfe8 14. a3 Bd5 15. h3 Re6 16. Nd2 Rae8 17. Bd3 Nh5 18. Bh7+ Kh8 19. Bf5 R6e7 20. Nc4 Bxc4 21. Qxc4 Nb6 22. Qb3 Nf4 23. Bg4 Qg6 24. Bd2 Rxe1+ 25. Rxe1 Rxe1+ 26.
Bxe1 Qe4 27. Qf3 Qxe1+ 28. Kh2 Nfd5 29. Qxf7 Qe7 30. Qg6 Nf6 0-1

[Event "I Liga Centralne Srbije"]
[Site "Bajina Bašta, Serbia"]
[Date "2020.10.17"]
[Round "11.3"]
[White "Marinkovic, Ivan"]
[Black "Jovanovic, Dusan D"]
[Result "1/2-1/2"]
[ECO "A30"]
[WhiteElo "2451"]
[BlackElo "2412"]
[Annotator "Knez"]
[PlyCount "20"]
[EventDate "2020.??.??"]
[TimeControl "90"]
[WhiteClock "1:34:12"]
[BlackClock "1:34:35"]

1. Nf3 Nf6 2. g3 b6 3. Bg2 Bb7 4. O-O e6 5. b3 Be7 6. Bb2 O-O 7. c4 c5 8. d3 d6 9. Nbd2 Nbd7 10. e3 a6 1/2-1/2